Map: Fear and Faith LE

Players

naane - Winner!

  • Race: Protoss Protoss

VOD

Have the link to the VOD?

Description

Time

  • Played on: Aug. 22, 2026, 10:13 a.m.
  • Length: 13:27
Show
View Real Time Build Order
Export as new Build Order

naane Protoss - Winner!

Build Orders:  

Get SALT Encoding   

  8  0:00  Probe (Chrono Boost)  
  9  0:12  Probe (Chrono Boost)  
  10  0:23  Probe (Chrono Boost)  
  11  0:39  Probe (Chrono Boost)  
  12  0:57  Pylon, Probe (Chrono Boost)  
  13  1:25  Probe (Chrono Boost)  
  14  1:35  Gateway  
  15  1:42  Probe (Chrono Boost)  
  15  1:50  Assimilator  
  15  1:57  Probe (Chrono Boost)  
  16  2:07  Pylon  
  16  2:08  Probe (Chrono Boost)  
  17  2:22  Probe (Chrono Boost)  
  18  2:39  Probe (Chrono Boost)  
  19  2:43  Pylon  
  19  2:45  Cybernetics Core  
  19  2:49  Zealot (Chrono Boost)  
  19  2:55  Probe (Chrono Boost)  
  22  3:10  Probe  
  23  3:22  Forge  
  23  3:28  Probe  
  24  3:30  Assimilator  
  24  3:45  Probe  
  25  4:02  Probe  
  25  4:07  Zealot (Chrono Boost)  
  28  4:21  Probe  
  29  4:32  Nexus  
  29  4:41  Probe  
  30  4:58  Probe  
  31  5:02  Protoss Ground Weapons Level 1 (Chrono Boost)  
  31  5:03  Warp Gate (Chrono Boost)  
  31  5:14  Probe  
  32  5:24  Pylon  
  32  5:31  Probe  
  33  5:45  Gateway  
  33  5:47  Pylon  
  33  5:48  Probe  
  36  6:05  Probe  
  35  6:22  Probe  
  36  6:40  Gateway  
  36  6:41  Gateway  
  36  6:44  Gateway  
  36  6:45  Gateway  
  36  6:47  Robotics Facility  
  34  6:59  Zealot  
  36  7:11  Probe  
  36  7:12  Probe  
  38  7:23  Assimilator  
  38  7:28  Assimilator  
  38  7:37  Twilight Council  
  38  7:48  Probe x2  
  40  7:52  Photon Cannon  
  40  7:53  Photon Cannon  
  40  8:03  Warp Prism  
  40  8:05  Probe x2  
  44  8:17  Zealot  
  44  8:18  Zealot  
  44  8:19  Zealot  
  50  8:22  Probe  
  51  8:40  Probe  
  48  9:10  Pylon  
  48  9:12  Zealot x4  
  48  9:13  Zealot x2  
  48  9:18  Probe  
  48  9:19  Probe  
  62  9:26  Protoss Ground Weapons Level 2 (Chrono Boost)  
  62  9:34  Probe  
  62  9:36  Probe  
  64  9:52  Photon Cannon  
  64  9:54  Photon Cannon  
  64  9:58  Gateway  
  64  10:06  Probe x2  
  66  10:12  Zealot x2  
  70  10:23  Probe x2  
  70  10:25  Charge (Chrono Boost)  
  72  10:49  Nexus  
  72  10:53  Pylon  
  72  10:56  Probe x2  
  72  10:58  Pylon  
  74  11:18  Probe x2  
  76  11:21  Nexus  
  76  11:27  Zealot  
  76  11:28  Zealot x3  
  84  11:35  Probe x2  
  76  12:00  Zealot  
  76  12:01  Zealot x2  
  76  12:02  Zealot x3  
  88  12:33  Zealot  
  88  12:34  Zealot x4  
  88  12:35  Zealot  
  100  13:14  Zealot  
  100  13:15  Zealot x4  
  100  13:16  Zealot  
Tags
 
Add a new tag
Caveats
  • Supply blocks, unpowered buildings, or Contaminate may cause inaccurate times.
  • Supply counts are checked every 10 seconds.